PAA
CASPER GHOSTS @ RICHLAND RAILS
08/01/2022
 
TOP OF THE 1ST
Casper Ghosts batting - Pitching for Richland Rails : RHP Brian Morris
Pitching: RHP Brian Morris
Batting: RHB Warner Robinson 0-0: Called Strike
0-1: Ball
1-1: Bunted foul
1-2: Ball
2-2: Foul Ball, location: 2F
2-2: SINGLE (Line Drive, 9S)
Batting: SHB Alonso Rodríguez 0-0: SINGLE (Groundball, 34D)
Warner Robinson to second
Runner from 2nd tries for 3rd, SAFE, no throw or cutoff
Batting: RHB Lorenzo Díaz 0-0: Ball
1-0: Grounds into double play, 4-6-3 (Groundball, 4)
Warner Robinson scores
Batting: RHB Phil Baker 0-0: Ball
1-0: Called Strike
1-1: Called Strike
1-2: SINGLE (Line Drive, 34D)
Batting: SHB José Juárez 0-0: Foul Ball, location: 2F
0-1: Called Strike
0-2: Foul Ball, location: 2F
0-2: Strikes out looking
Top of the 1st over - 1 run(s), 3 hit(s), 0 error(s), 1 left on base; Casper 1 - Richland 0
BOTTOM OF THE 1ST
Richland Rails batting - Pitching for Casper Ghosts : RHP Kris Daniel
Pitching: RHP Kris Daniel
Batting: RHB Ramón Cruz 0-0: Ball
1-0: Ball
2-0: Ground out 5-3 (Groundball, 56)
Batting: SHB Jasper Otto 0-0: Ground out U3 (Groundball, 3S)
Batting: RHB Brent Ryan 0-0: Ball
1-0: Called Strike
1-1: Ball
2-1: Fly out, F6 (Popup, 6)
Bottom of the 1st over - 0 run(s), 0 hit(s), 0 error(s), 0 left on base; Casper 1 - Richland 0
TOP OF THE 2ND
Casper Ghosts batting - Pitching for Richland Rails : RHP Brian Morris
Batting: RHB Mark Davis 0-0: Called Strike
0-1: Foul Ball, location: 2F
0-2: Foul Ball, location: 2F
0-2: Ball
1-2: Strikes out looking
Batting: RHB Dave Young 0-0: Ball
1-0: Foul Ball, location: 2F
1-1: Fly out, F7 (Flyball, 7M)
Batting: RHB Juan García 0-0: Ball
1-0: Ball
2-0: Called Strike
2-1: DOUBLE (Line Drive, 7LM)
Batting: LHB Jim Unknown 0-0: Called Strike
0-1: Ball
1-1: Ball
2-1: Called Strike
Reached via error on a dropped throw, E1
Juan García to third
Batting: RHB Warner Robinson 0-0: Ball
1-0: Ball
2-0: Ball
3-0: Called Strike
3-1: Foul Ball, location: 2F
3-2: SINGLE (Line Drive, 78S)
Juan García scores
Jim Unknown to second
Jim Unknown to third
Batting: SHB Alonso Rodríguez 0-0: Ball
1-0: Called Strike
1-1: Fly out, F8 (Flyball, 8RM)
Top of the 2nd over - 1 run(s), 2 hit(s), 1 error(s), 2 left on base; Casper 2 - Richland 0
BOTTOM OF THE 2ND
Richland Rails batting - Pitching for Casper Ghosts : RHP Kris Daniel
Batting: RHB Gustavo Berrios 0-0: Ball
1-0: Swinging Strike
1-1: SINGLE (Line Drive, 78M)
Batting: SHB Felipe Cisneros 0-0: Ball
1-0: Foul Ball, location: 2F
1-1: Ball
2-1: Called Strike
2-2: SINGLE (Flyball, 78S)
Gustavo Berrios to second
Batting: RHB Larry Brown 0-0: Fly out, F7 (Flyball, 7LM)
Batting: RHB Jack Davis 0-0: Ball
1-0: Ball
2-0: Ball
3-0: Called Strike
3-1: Base on Balls
Gustavo Berrios to third
Felipe Cisneros to second
Batting: RHB Kazu Hishida 0-0: Called Strike
0-1: Called Strike
0-2: Foul Ball, location: 2F
0-2: Ball
1-2: Ball
2-2: Fly out, F8 (Flyball, 8LS)
Batting: RHB Júlio Hernández 0-0: SINGLE (Groundball, 5D)
Gustavo Berrios scores
Felipe Cisneros to third
Jack Davis to second
Runner from 3rd tries for Home, SAFE, no throw or cutoff
Batting: RHB Ramón Cruz 0-0: Called Strike
0-1: Ball
1-1: Foul Ball, location: 2F
1-2: Ball
2-2: Fly out, F9 (Flyball, 9M)
Bottom of the 2nd over - 2 run(s), 3 hit(s), 0 error(s), 2 left on base; Casper 2 - Richland 2
TOP OF THE 3RD
Casper Ghosts batting - Pitching for Richland Rails : RHP Brian Morris
Batting: RHB Lorenzo Díaz 0-0: Foul Ball, location: 2F
0-1: Ball
1-1: Swinging Strike
1-2: Fly out, F4 (Popup, 4D)
Batting: RHB Phil Baker 0-0: Ground out 5-3 (Groundball, 56S)
Batting: SHB José Juárez 0-0: Called Strike
0-1: Ball
1-1: Ground out 3-1 (Groundball, 34)
Top of the 3rd over - 0 run(s), 0 hit(s), 0 error(s), 0 left on base; Casper 2 - Richland 2
BOTTOM OF THE 3RD
Richland Rails batting - Pitching for Casper Ghosts : RHP Kris Daniel
Batting: SHB Jasper Otto 0-0: Called Strike
0-1: Called Strike
0-2: Ball
1-2: Strikes out swinging
Batting: RHB Brent Ryan 0-0: Ball
1-0: Ball
2-0: Ball
3-0: Called Strike
3-1: Ground out 6-3 (Groundball, 6)
Batting: RHB Gustavo Berrios 0-0: Ball
1-0: Foul Ball, location: 2F
1-1: Ball
2-1: Foul Ball, location: 2F
2-2: DOUBLE (Line Drive, 9D)
Batting: SHB Felipe Cisneros 0-0: Called Strike
0-1: Ground out 1-3 (Groundball, 15S)
Bottom of the 3rd over - 0 run(s), 1 hit(s), 0 error(s), 1 left on base; Casper 2 - Richland 2
TOP OF THE 4TH
Casper Ghosts batting - Pitching for Richland Rails : RHP Brian Morris
Batting: RHB Mark Davis 0-0: Ball
1-0: Fly out, F8 (Flyball, 8LM)
Batting: RHB Dave Young 0-0: Ground out 5-3 (Groundball, 56)
Batting: RHB Juan García 0-0: Ball
1-0: Called Strike
1-1: Ball
2-1: Foul Ball, location: 2F
2-2: Foul Ball, location: 2F
2-2: Ball
3-2: Strikes out swinging
Top of the 4th over - 0 run(s), 0 hit(s), 0 error(s), 0 left on base; Casper 2 - Richland 2
BOTTOM OF THE 4TH
Richland Rails batting - Pitching for Casper Ghosts : RHP Kris Daniel
Batting: RHB Larry Brown 0-0: Fly out, F4 (Popup, 4D)
Batting: RHB Jack Davis 0-0: Called Strike
0-1: Fly out, F8 (Flyball, 8LS)
Batting: RHB Kazu Hishida 0-0: Ball
1-0: Ball
2-0: Ball
3-0: Called Strike
3-1: Ground out 6-3 (Groundball, 6M)
Bottom of the 4th over - 0 run(s), 0 hit(s), 0 error(s), 0 left on base; Casper 2 - Richland 2
TOP OF THE 5TH
Casper Ghosts batting - Pitching for Richland Rails : RHP Brian Morris
Batting: LHB Jim Unknown 0-0: Fly out, F7 (Flyball, 7LD)
Batting: RHB Warner Robinson 0-0: Ball
1-0: Foul Ball, location: 2F
1-1: Ball
2-1: Ball
3-1: Base on Balls
Batting: SHB Alonso Rodríguez 0-0: Ball
Warner Robinson steals 2nd base
1-0: Called Strike
1-1: Called Strike
1-2: Strikes out swinging
Batting: RHB Lorenzo Díaz 0-0: Ball
1-0: Ball
2-0: Called Strike
2-1: Ground out 4-3 (Groundball, 4S)
Top of the 5th over - 0 run(s), 0 hit(s), 0 error(s), 1 left on base; Casper 2 - Richland 2
BOTTOM OF THE 5TH
Richland Rails batting - Pitching for Casper Ghosts : RHP Kris Daniel
Batting: RHB Júlio Hernández 0-0: SINGLE (Line Drive, 6D)
Batting: RHB Ramón Cruz 0-0: Called Strike
Throwing error on steal attempt, E2
Júlio Hernández to third
0-1: Ball
1-1: SINGLE (Groundball, 4MD) (infield hit)
Júlio Hernández scores
Batting: SHB Jasper Otto 0-0: Called Strike
0-1: Ball
1-1: Ball
2-1: Bunted foul
2-2: Ball
3-2: Foul Ball, location: 2F
3-2: Grounds into double play, 6-4-3 (Groundball, 6)
Batting: RHB Brent Ryan 0-0: Called Strike
0-1: Ground out 5-3 (Groundball, 56)
Bottom of the 5th over - 1 run(s), 2 hit(s), 1 error(s), 0 left on base; Casper 2 - Richland 3
TOP OF THE 6TH
Casper Ghosts batting - Pitching for Richland Rails : RHP Brian Morris
Batting: RHB Phil Baker 0-0: Foul Ball, location: 2F
0-1: Ball
1-1: Ball
2-1: SINGLE (Line Drive, 78S)
Batting: SHB José Juárez 0-0: Called Strike
0-1: Ball
1-1: Grounds into double play, 6-4-3 (Groundball, 6)
Batting: RHB Mark Davis 0-0: Ground out 4-3 (Groundball, 4)
Top of the 6th over - 0 run(s), 1 hit(s), 0 error(s), 0 left on base; Casper 2 - Richland 3
BOTTOM OF THE 6TH
Richland Rails batting - Pitching for Casper Ghosts : RHP Kris Daniel
Batting: RHB Gustavo Berrios 0-0: Ball
1-0: Foul Ball, location: 2F
1-1: Ball
2-1: Ball
3-1: Called Strike
3-2: Foul Ball, location: 2F
3-2: Fly out, F6 (Popup, 6M)
Batting: SHB Felipe Cisneros 0-0: Ball
1-0: Ground out 3-1 (Groundball, 34)
Batting: RHB Larry Brown 0-0: Ball
1-0: Ball
2-0: Ball
3-0: Called Strike
3-1: Ground out 4-3 (Groundball, 4)
Bottom of the 6th over - 0 run(s), 0 hit(s), 0 error(s), 0 left on base; Casper 2 - Richland 3
TOP OF THE 7TH
Casper Ghosts batting - Pitching for Richland Rails : RHP Brian Morris
Pitching: RHP Jim Unknown
Batting: RHB Dave Young 0-0: Swinging Strike
0-1: Foul Ball, location: 2F
0-2: Foul Ball, location: 2F
0-2: Ball
1-2: Strikes out swinging
Batting: RHB Juan García 0-0: Ball
1-0: Foul Ball, location: 2F
1-1: SINGLE (Groundball, 4MD)
Batting: LHB Jim Unknown 0-0: Ball
1-0: Ball
2-0: Foul Ball, location: 2F
2-1: Ball
3-1: Called Strike
3-2: Foul Ball, location: 2F
3-2: Reached on error, E6 (Groundball, 6M)
Juan García to second
Batting: RHB Warner Robinson 0-0: Ball
1-0: Ball
2-0: Ball
3-0: Called Strike
3-1: Called Strike
3-2: Reached on error, E1 (Groundball, 13S)
Juan García to third
Jim Unknown to second
Batting: SHB Alonso Rodríguez 0-0: Ball
1-0: Ball
2-0: Ball
3-0: Base on Balls
Juan García scores
Jim Unknown to third
Warner Robinson to second
Batting: RHB Lorenzo Díaz 0-0: Foul Ball, location: 2F
0-1: Ball
1-1: Foul Ball, location: 2F
1-2: Foul Ball, location: 2F
1-2: Foul Ball, location: 2F
1-2: Ball
2-2: Foul Ball, location: 2F
2-2: Foul Ball, location: 2F
2-2: SINGLE (Line Drive, 34D)
Jim Unknown scores
Warner Robinson to third
Alonso Rodríguez to second
Runner from 3rd tries for Home, SAFE, throw made home
Pitching: RHP Sam Cobb
Batting: RHB Phil Baker 0-0: Called Strike
0-1: Foul Ball, location: 2F
0-2: Ball
1-2: Fly out, F8 (Popup, 4D)
Batting: SHB José Juárez 0-0: Called Strike
0-1: Ball
1-1: Swinging Strike
1-2: Ball
2-2: Foul Ball, location: 2F
2-2: Foul Ball, location: 2F
2-2: Fly out, F8 (Flyball, 8RXD)
Top of the 7th over - 3 run(s), 2 hit(s), 2 error(s), 2 left on base; Casper 5 - Richland 3
BOTTOM OF THE 7TH
Richland Rails batting - Pitching for Casper Ghosts : RHP Kris Daniel
Batting: RHB Jack Davis 0-0: Ball
1-0: Swinging Strike
1-1: Ground out 5-3 (Groundball, 5L)
Batting: RHB Kazu Hishida 0-0: Ball
1-0: Called Strike
1-1: Called Strike
1-2: Foul Ball, location: 2F
1-2: Ground out 2-3 (Groundball, 23)
Batting: RHB Júlio Hernández 0-0: Ball
1-0: Bunt for hit - play at first, batter safe!
Pitching: LHP Ray Neely
Batting: RHB Ramón Cruz 0-0: Ball
1-0: Ground out 4-3 (Groundball, 4)
Bottom of the 7th over - 0 run(s), 1 hit(s), 0 error(s), 1 left on base; Casper 5 - Richland 3
TOP OF THE 8TH
Casper Ghosts batting - Pitching for Richland Rails : RHP Sam Cobb
Batting: RHB Mark Davis 0-0: Swinging Strike
0-1: Ground out 6-3 (Groundball, 6)
Batting: RHB Dave Young 0-0: Ground out 5-3 (Groundball, 56)
Batting: RHB Juan García 0-0: Called Strike
0-1: Ball
1-1: SINGLE (Groundball, 56D) (infield hit)
Batting: LHB Jim Unknown 0-0: Called Strike
0-1: Called Strike
0-2: Foul Ball, location: 2F
0-2: Foul Ball, location: 2F
0-2: Ground out 5-3 (Groundball, 5L)
Top of the 8th over - 0 run(s), 1 hit(s), 0 error(s), 1 left on base; Casper 5 - Richland 3
BOTTOM OF THE 8TH
Richland Rails batting - Pitching for Casper Ghosts : LHP Ray Neely
Batting: SHB Jasper Otto 0-0: Called Strike
0-1: Called Strike
0-2: Strikes out swinging
Batting: RHB Brent Ryan 0-0: Ball
1-0: Ground out 1-3 (Groundball, 15)
Batting: RHB Gustavo Berrios 0-0: Ball
1-0: Called Strike
1-1: Foul Ball, location: 2F
1-2: Ground out 5-3 (Groundball, 5L)
Bottom of the 8th over - 0 run(s), 0 hit(s), 0 error(s), 0 left on base; Casper 5 - Richland 3
TOP OF THE 9TH
Casper Ghosts batting - Pitching for Richland Rails : RHP Sam Cobb
Pitching: RHP Jim Unknown
Batting: RHB Warner Robinson 0-0: SINGLE (Groundball, 3D)
Pitching: LHP Roberto Guillén
Batting: SHB Alonso Rodríguez 0-0: Ball
1-0: Ground out U3 (Groundball, 3S)
Warner Robinson to second
Batting: RHB Lorenzo Díaz 0-0: Ball
1-0: Foul Ball, location: 2F
1-1: Fly out, F8 (Flyball, 8LM)
Batting: RHB Phil Baker 0-0: Called Strike
0-1: Ball
1-1: Ball
2-1: Foul Ball, location: 2F
2-2: Ball
3-2: Foul Ball, location: 2F
3-2: Reached on error, E5 (Groundball, 5L)
Warner Robinson scores
Batting: SHB José Juárez 0-0: Ball
1-0: Ball
2-0: Foul Ball, location: 2F
2-1: SINGLE (Groundball, 56D)
Phil Baker to third
Runner from 3rd tries for Home, SAFE, no throw or cutoff
Batting: RHB Mark Davis 0-0: Swinging Strike
0-1: Foul Ball, location: 2F
0-2: Strikes out looking
Top of the 9th over - 2 run(s), 2 hit(s), 1 error(s), 1 left on base; Casper 7 - Richland 3
BOTTOM OF THE 9TH
Richland Rails batting - Pitching for Casper Ghosts : LHP Ray Neely
Batting: SHB Felipe Cisneros 0-0: Ball
1-0: Ball
2-0: Swinging Strike
2-1: Ball
3-1: Base on Balls
Batting: RHB Larry Brown 0-0: Ball
1-0: Ball
2-0: Foul Ball, location: 2F
2-1: Ball
3-1: Base on Balls
Felipe Cisneros to second
Pitching: RHP Carlos González
Batting: RHB Jack Davis 0-0: Ball
1-0: Called Strike
1-1: Ball
2-1: Foul Ball, location: 2F
2-2: Strikes out looking
Batting: RHB Kazu Hishida 0-0: Reached on error, E6 (Groundball, 56)
Felipe Cisneros to third
Larry Brown to second
Pinch Hitting: LHB Valentín Salas 0-0: Ball
1-0: Ball
2-0: Foul Ball, location: 2F
2-1: Fly out, F7 (Flyball, 78M)
Runner from 3rd tags up, SCORES, throw made
Pinch Hitting: LHB Chris Stoltzfus 0-0: Ball
1-0: Ball
2-0: Ball
3-0: Called Strike
3-1: Base on Balls
Larry Brown to third
Kazu Hishida to second
Batting: SHB Jasper Otto 0-0: Called Strike
0-1: Ball
1-1: Foul Ball, location: 2F
1-2: Foul Ball, location: 2F
1-2: Foul Ball, location: 2F
1-2: Ball
2-2: Foul Ball, location: 2F
2-2: Ball
3-2: Base on Balls
Larry Brown scores
Kazu Hishida to third
Chris Stoltzfus to second
Batting: RHB Brent Ryan 0-0: SINGLE (Line Drive, 56)
Kazu Hishida scores
Chris Stoltzfus to third
Jasper Otto to second
Runner from 3rd tries for Home, SAFE, no throw or cutoff
Batting: RHB Gustavo Berrios 0-0: Called Strike
0-1: Foul Ball, location: 2F
0-2: Reached on error, E1 (Groundball, 13S)
Jasper Otto scores
This league is powered by Out of the Park Baseball, the baseball management simulation game for PC, Mac and Linux
Friday, April 15th, 2016 - OOTP Baseball 16.9 Build 39